 Dungeon Crawl Stone Soup version 0.22-a0-447-gee5f7238b3 (webtiles) character file.

86151 Kriby the Impaler (level 15, -7/111 HPs)
             Began as a Merfolk Skald on June 2, 2018.
             Was the Champion of Hepliaklqana.
             Shot with a bolt by a yaktaur (16 damage)
             ... on level 15 of the Dungeon on June 3, 2018.
             The game lasted 01:03:28 (27207 turns).

Kriby the Impaler (Merfolk Skald)                  Turns: 27207, Time: 01:03:28

Health: -7/111     AC: 13    Str: 16    XL:     15   Next: 86%
Magic:  20/28      EV: 24    Int: 13    God:    Hepliaklqana [******]
Gold:   1623       SH:  0    Dex: 18    Spells: 18/32 levels left

rFire    . . .     SeeInvis .   a - +5 halberd (freeze)
rCold    + . .     Gourm    .   (shield currently unavailable)
rNeg     . . .     Faith    .   v - +0 troll leather armour
rPois    +         Spirit   .   x - +1 helmet
rElec    .         Reflect  .   (no cloak)
rCorr    .         Harm     .   P - +2 pair of gloves {Dex+3}
MR       +....                  y - +2 pair of boots
Stlth    +.........             M - amulet of regeneration
HPRegen  1.08/turn              o - ring of poison resistance
MPRegen  0.21/turn              c - ring of protection from cold

@: shrouded, studying Hexes
A: change form in water, swift swim, stealthy swim, reduced essence
a: Recall Ancestor, Ancestor Identity, Transference, Idealise, Renounce Religion


You were on level 15 of the Dungeon.
You worshipped Hepliaklqana.
Hepliaklqana was exalted by your worship.
You were not hungry.

You visited 3 branches of the dungeon, and saw 22 of its levels.

You collected 1623 gold pieces.

Inventory:

Hand Weapons
 a - a +5 halberd of freezing (weapon)
 b - a +2 spear of piercing
 g - a +0 glaive
 F - a +1 trident
Missiles
 Q - a throwing net (quivered)
Armour
 l - a +3 chain mail of poison resistance
 v - a +0 troll leather armour (worn)
 x - a +1 helmet (worn)
 y - a +2 pair of boots (worn)
 P - a +2 pair of gloves of dexterity (worn)
 U - a +2 buckler
Jewellery
 c - a ring of protection from cold (right hand)
 n - an uncursed ring of positive energy
 o - a ring of poison resistance (left hand)
 r - an uncursed ring of resist corrosion
 u - an uncursed ring of fire {unknown}
 M - an amulet of regeneration (around neck)
 O - an uncursed amulet of guardian spirit
 T - an uncursed ring of flight {unknown}
Wands
 z - a wand of random effects (55)
 J - a wand of enslavement (10)
 S - a wand of iceblast (4) {@v4}
 V - a wand of paralysis (6)
Scrolls
 f - 2 scrolls of magic mapping
 i - 9 scrolls of teleportation {@r3}
 m - 5 scrolls of remove curse {@r2}
 p - 7 scrolls of identify {@r1}
 q - 4 scrolls of amnesia
 s - 2 scrolls of immolation
 t - a scroll of holy word {unknown}
 I - 2 scrolls of enchant weapon
 K - 3 scrolls of enchant armour
 X - a scroll of summoning
Potions
 e - 19 potions of degeneration
 h - 9 potions of curing {@q1}
 k - 3 potions of invisibility
 w - 4 potions of flight
 A - a potion of haste {@q3}
 B - 2 potions of agility {@q5}
 C - a potion of ambrosia
 D - 4 potions of might {@q4}
 E - 2 potions of resistance
 G - a potion of berserk rage {unknown}
 H - 3 potions of mutation {unknown}
 L - 2 potions of cancellation {unknown}
 N - a potion of magic {unknown}
 R - 2 potions of lignification {unknown}
Books
 j - a manual of Hexes
Comestibles
 d - 47 rations {@e1}


   Skills:
 + Level 13.3 Fighting
 + Level 20.8 Polearms
 + Level 4.4 Armour
 - Level 15.2 Dodging
 + Level 9.1 Spellcasting
 - Level 3.1 Conjurations
 - Level 8.0 Hexes
 - Level 9.1 Charms
 - Level 1.9 Evocations


You had 18 spell levels left.
You knew the following spells:

 Your Spells              Type           Power        Failure   Level  Hunger
a - Infusion              Chrm           ####         1%          1    None
b - Shroud of Golubria    Chrm/Tloc      ###.......   3%          2    None
c - Swiftness             Chrm/Air       ###.....     3%          2    None
q - Dazzling Spray        Conj/Hex       ###...       4%          3    ##.....
r - Regeneration          Chrm/Necr      ###.......   7%          3    ##.....
w - Spectral Weapon       Hex/Chrm       ####....     1%          3    ##.....

Your spell library contained the following spells:

 Spells                   Type           Power        Failure   Level  Hunger
 Magic Dart               Conj           ##..         4%          1    None
 Lightning Bolt           Conj/Air       #.........   91%         5    #####..
 Confuse                  Hex            ####....     1%          3    ##.....
 Throw Flame              Conj/Fire      #.....       12%         2    None
 Bolt of Draining         Conj/Necr      #.........   91%         5    #####..
 Animate Dead             Necr           N/A          82%         4    ####...
 Pain                     Necr           #...         14%         1    None
 Animate Skeleton         Necr           N/A          14%         1    None
 Vampiric Draining        Necr           #.........   41%         3    ##.....
 Sting                    Conj/Pois      #...         8%          1    None
 Tukima's Dance           Hex            ####....     1%          3    ##.....
 Summon Demon             Summ           #.........   99%         5    #####..
 Shock                    Conj/Air       #...         8%          1    None
 Recall                   Summ/Tloc      N/A          41%         3    ##.....
 Blade Hands              Tmut           #.........   99%         5    #####..
 Airstrike                Air            #.........   82%         4    ####...
 Shadow Creatures         Summ           N/A          100%        6    #######
 Ensorcelled Hibernation  Hex/Ice        ###...       4%          2    None
 Static Discharge         Conj/Air       #.......     24%         3    ##.....
 Corona                   Hex            ####...      1%          1    None
 Alistair's Intoxication  Tmut/Pois      #.......     99%         5    #####..
 Aura of Abjuration       Summ           #.........   99%         5    #####..
 Song of Slaying          Chrm           ####....     1%          2    None
 Summon Forest            Summ/Tloc      #.........   99%         5    #####..
 Summon Mana Viper        Hex/Summ       ###.....     61%         5    #####..


Dungeon Overview and Level Annotations

Branches:
Dungeon (15/15)            Temple (1/1) D:5            Lair (6/6) D:10
 Shoals (0/4) Lair:4       Spider (0/4) Lair:3          Orc (0/2) D:9
 Vaults (0/5) D:14
  Slime: Lair:5-6    Depths: D:15

Altars:
Ashenzari
Cheibriados
Dithmenos
Elyvilon
Fedhas
Gozag
Hepliaklqana
Kikubaaqudgha
Makhleb
Nemelex Xobeh
Okawaru
Qazlal
Ru
Sif Muna
Trog
Uskayaw
Vehumet
Wu Jian
Xom
Yredelemnul
Zin
The Shining One

Shops:
D:7 (((=   D:8 (

Annotations:
D:6 1 runed door, exclusion: oklob plant
Lair:5 exclusion: 3 oklob plants


Message History

The yaktaur shoots a bolt.
The bolt misses you.
You impale the yaktaur!! You freeze the yaktaur.
The yaktaur is heavily wounded.
The yaktaur unwields an uncursed arbalest.
The yaktaur closely misses you.
You slash the yaktaur! You freeze the yaktaur!
You kill the yaktaur!
The yaktaur shoots a bolt.
The bolt hits you!! The bolt freezes you.
The yaktaur shoots a bolt.
The bolt hits you!!
Attack whom?
Press: ? - help, Dir - move target cursor, f/p - yaktaur
Aim: a yaktaur, wielding an arbalest (moderately wounded)
You reach to attack!
You hit the yaktaur. You freeze the yaktaur.
The yaktaur is heavily wounded.
The yaktaur wields an arbalest.
The yaktaur shoots a bolt.
The bolt hits you!!
* * * LOW HITPOINT WARNING * * *
The yaktaur shoots a bolt.
The bolt hits you!
* * * LOW HITPOINT WARNING * * *
The yaktaur shoots a bolt.
The bolt hits you!
You die...

## ...
###.# ....
... #.#
####c###
#...c)@#
#...c###
#.#.###.(#
#......()#
###..###.#
## #.# #c#


#cc #.c You could see 3 yaktaurs.

Vanquished Creatures
  Frances (D:13)
  Snorg (D:12)
  A dire elephant (Lair:6)
  The ghost of neozumm the Carver, a journeyman MiBe of Trog (D:14)
  Fannar (D:11)
  4 vault guards (D:14)
  6 hydras
  3 centaur warriors (D:14)
  2 death knights
  5 two-headed ogres
  A catoblepas (Lair:6)
  4 death yaks (Lair:6)
  Pikel (D:4)
  A phantasmal warrior (D:12)
  A deep elf mage (D:13)
  10 ugly things
  A manticore (D:14)
  3 oklob plants (Lair:3)
  A centaur zombie (D:14)
  7 elephants
  A torpor snail (Lair:5)
  6 black mambas
  A guardian serpent (shapeshifter) (D:15)
  9 spiny frogs
  2 centaur skeletons
  2 gargoyles
  2 yaktaurs (D:15)
  3 rime drakes
  4 freezing wraiths
  8 komodo dragons
  A polar bear (Lair:6)
  A jumping spider (Lair:3)
  A troll (D:12)
  19 blink frogs
  13 slime creatures
  12 hippogriffs
  5 dream sheep (Lair:5)
  Sigmund (D:6)
  3 redbacks (Lair:3)
  6 wyverns
  2 steam dragons
  2 wraiths (D:12)
  A hungry ghost (D:14)
  7 basilisks
  60 yaks
  6 vampire mosquitoes
  3 soldier ants
  10 porcupines
  3 sky beasts
  12 water moccasins
  2 black bears
  3 ice beasts
  4 orc warriors
  A slave (D:5)
  A phantom (D:2)
  44 wolves
  8 ogres
  16 centaurs
  13 crocodiles
  2 big kobolds
  A gnoll sergeant (D:6)
  14 bullfrogs
  A wyvern skeleton (D:3)
  3 scorpions
  16 killer bees
  12 wights
  2 howler monkeys (D:11)
  3 electric eels (D:11)
  A vampire bat (D:4)
  6 crimson imps
  8 jellies
  A quasit (D:11)
  4 hounds
  9 orc priests
  13 orc wizards
  2 iguanas
  11 worker ants
  2 gnolls (D:6)
  12 adders
  2 shadow imps
  15 oozes
  2 worms (D:2)
  An adder skeleton (D:8)
  An adder zombie (D:6)
  A dart slug (D:2)
  3 fire bats (D:4)
  A leopard gecko (D:7)
  36 orcs
  2 spectral bats (D:4)
  18 bats
  3 bat skeletons (D:4)
  A bat zombie (D:4)
  3 giant cockroaches
  9 hobgoblins
  8 jackals
  13 kobolds
  3 quokkas
  2 ball pythons
  A bat simulacrum (D:4)
  5 frilled lizards
  11 goblins
  A jackal zombie (D:6)
  10 rats
  A spectral weapon (Lair:3)
629 creatures vanquished.

Vanquished Creatures (collateral kills)
  A hydra (Lair:1)
  A two-headed ogre (D:10)
  A deep troll shaman (Lair:6)
  A harpy (shapeshifter) (D:14)
  The ghost of t3hbunneh the Skirmisher, a novice DsAK of Lugonu (D:8)
  An oklob plant (Lair:3)
  2 ugly things
  A manticore (Lair:4)
  A centaur zombie (D:14)
  A spiny frog (Lair:2)
  A rime drake (Lair:6)
  3 blink frogs
  A slime creature (D:12)
  3 yaks
  3 water moccasins
  An orc warrior (D:7)
  A swamp drake (D:9)
  A black bear (Lair:3)
  A necrophage (D:9)
  2 wolves
  3 ogres
  A centaur (D:14)
  A crocodile (Lair:3)
  A big kobold (D:7)
  3 bullfrogs
  A scorpion (D:8)
  2 killer bees (D:10)
  A wight (D:9)
  A bullfrog zombie (D:7)
  An orc priest (D:6)
  2 orc wizards
  An iguana (D:13)
  A hound zombie (D:7)
  An adder (D:10)
  2 gnolls (D:6)
  An ooze (D:6)
  A leopard gecko (D:7)
  9 orcs
  2 jackals
  A jackal skeleton (D:6)
  3 kobolds (D:7)
  A quokka zombie (D:7)
  2 plants (Lair:3)
70 creatures vanquished.

Vanquished Creatures (others)
  A manticore (D:12)
  A gargoyle (D:14)
  Prince Ribbit (D:6)
  A yak (Lair:2)
  A wyvern (Lair:6)
  A bullfrog (D:14)
  22 hexers
  4 ancestors
  A shadow imp (D:14)
  15 fungi
  4 plants
  27 spectral weapons
79 creatures vanquished.

Grand Total: 778 creatures vanquished

Notes
Turn   | Place    | Note
-------+----------+-------------------------------------------
     0 | D:1      | Kriby the Merfolk Skald began the quest for the Orb.
     0 | D:1      | Reached XP level 1. HP: 16/16 MP: 3/3
   297 | D:1      | Reached XP level 2. HP: 21/22 MP: 5/5
  1158 | D:1      | Reached skill level 1 in Armour
  1158 | D:1      | Reached XP level 3. HP: 28/28 MP: 2/6
  1441 | D:2      | Reached skill level 4 in Polearms
  1727 | D:2      | Learned a level 2 spell: Shroud of Golubria
  1812 | D:2      | Reached XP level 4. HP: 29/34 MP: 2/7
  2217 | D:2      | Found a stormy altar of Qazlal.
  2247 | D:2      | Noticed a phantom
  2495 | D:2      | Killed a phantom
  2495 | D:2      | Reached skill level 5 in Polearms
  2495 | D:2      | Reached XP level 5. HP: 21/41 MP: 1/8
  3044 | D:3      | Reached skill level 5 in Dodging
  3044 | D:3      | Reached XP level 6. HP: 25/47 MP: 9/9
  3359 | D:3      | Reached skill level 6 in Polearms
  3776 | D:3      | Noticed a sky beast
  3796 | D:3      | Killed a sky beast
  3996 | D:2      | Learned a level 3 spell: Regeneration
  4000 | D:2      | Learned a level 3 spell: Spectral Weapon
  4347 | D:3      | Reached XP level 7. HP: 20/52 MP: 6/10
  5456 | D:4      | Reached skill level 7 in Polearms
  5967 | D:4      | Found a deep blue altar of Sif Muna.
  6002 | D:5      | Entered Level 5 of the Dungeon
  6124 | D:5      | Noticed Pikel
  6352 | D:5      | Reached XP level 8. HP: 60/60 MP: 5/11
  6436 | D:5      | Reached skill level 8 in Polearms
  6438 | D:5      | Found a staircase to the Ecumenical Temple.
  6448 | Temple   | Entered the Ecumenical Temple
  7101 | Temple   | Became a worshipper of Hepliaklqana the Forgotten
  7267 | D:4      | Killed Pikel
  7267 | D:4      | Reached skill level 9 in Polearms
  7267 | D:4      | Reached skill level 5 in Charms
  7464 | D:5      | Reached skill level 5 in Fighting
  7832 | D:6      | Reached XP level 9. HP: 61/61 MP: 12/12
  8036 | D:6      | Found a runed door.
  8041 | D:6      | Found a basalt altar of Yredelemnul.
  8079 | D:6      | Found an ancient bone altar of Kikubaaqudgha.
  8102 | D:6      | Noticed Prince Ribbit
  8115 | D:6      | Reached skill level 10 in Polearms
  8116 | D:6      | Killed Prince Ribbit
  8269 | D:6      | Noticed Sigmund
  8279 | D:6      | Killed Sigmund
  8897 | D:6      | Reached skill level 11 in Polearms
  8912 | D:6      | Noticed an oklob plant
  8984 | D:6      | Found a shadowy altar of Dithmenos.
  9129 | D:7      | Found Vutaut's Weapon Boutique.
  9242 | D:7      | Reached skill level 10 in Dodging
  9242 | D:7      | Reached XP level 10. HP: 56/69 MP: 3/13
  9356 | D:7      | Reached * piety under Hepliaklqana
  9396 | D:7      | Found Tonirope's Antique Weapon Shoppe.
  9482 | D:7      | Found a glowing golden altar of the Shining One.
  9482 | D:7      | Found a hide-covered altar of Uskayaw.
  9508 | D:7      | Reached skill level 12 in Polearms
  9541 | D:7      | Found Resh's Weapon Shop.
  9625 | D:7      | Found Varch's Jewellery Shoppe.
  9838 | D:8      | Found a blossoming altar of Fedhas.
  9838 | D:8      | Noticed a two-headed ogre
  9845 | D:8      | Killed a two-headed ogre
 10107 | D:8      | Noticed t3hbunneh's ghost (novice DsAK)
 10495 | D:8      | Killed t3hbunneh's ghost
 10495 | D:8      | Reached skill level 13 in Polearms
 10723 | D:8      | Found Utait's Antique Weapon Shoppe.
 10843 | D:8      | Found a glowing silver altar of Zin.
 11250 | D:9      | Reached ** piety under Hepliaklqana
 11251 | D:9      | Remembered your ancestor Demise as a hexer
 11459 | D:9      | Noticed a two-headed ogre
 11467 | D:9      | Killed a two-headed ogre
 11532 | D:9      | Found a shimmering altar of Xom.
 11626 | D:9      | Reached XP level 11. HP: 67/77 MP: 12/14
 11811 | D:9      | Reached skill level 14 in Polearms
 11889 | D:9      | Found a staircase to the Orcish Mines.
 12674 | D:10     | Entered Level 10 of the Dungeon
 12674 | D:10     | Noticed a two-headed ogre
 12680 | D:10     | Killed a two-headed ogre
 13318 | D:10     | Reached skill level 15 in Polearms
 13538 | D:10     | Found a staircase to the Lair.
 13596 | D:10     | Reached *** piety under Hepliaklqana
 13922 | Lair:1   | Entered Level 1 of the Lair of Beasts
 13954 | Lair:1   | Noticed a four-headed hydra
 13972 | Lair:1   | Killed a four-headed hydra
 14340 | Lair:1   | Noticed a five-headed hydra
 14349 | Lair:1   | Killed a five-headed hydra
 14349 | Lair:1   | Reached XP level 12. HP: 52/85 MP: 15/15
 14585 | Lair:1   | Reached skill level 16 in Polearms
 14878 | Lair:1   | Noticed an eight-headed hydra
 14888 | Lair:1   | Killed an eight-headed hydra
 15043 | Lair:1   | Reached **** piety under Hepliaklqana
 15148 | Lair:1   | Learned a level 2 spell: Swiftness
 16108 | Lair:2   | Reached ***** piety under Hepliaklqana
 16678 | Lair:2   | Reached skill level 10 in Fighting
 16719 | Lair:2   | Noticed an eight-headed hydra
 16823 | Lair:2   | Reached skill level 17 in Polearms
 16839 | Lair:2   | Killed an eight-headed hydra
 17605 | Lair:3   | Found a hole to the Spider Nest.
 17619 | Lair:3   | Reached XP level 13. HP: 93/93 MP: 13/20
 17789 | Lair:3   | Reached skill level 5 in Spellcasting
 17958 | Lair:3   | Reached skill level 18 in Polearms
 19006 | Lair:4   | Found a staircase to the Shoals.
 20020 | Lair:5   | Reached skill level 1 in Evocations
 20098 | Lair:5   | Found a bloodstained altar of Trog.
 20306 | Lair:5   | Reached ****** piety under Hepliaklqana
 20488 | Lair:5   | Reached skill level 19 in Polearms
 20979 | Lair:6   | Entered Level 6 of the Lair of Beasts
 21003 | Lair:6   | Reached XP level 14. HP: 96/101 MP: 23/23
 21561 | Lair:6   | Reached skill level 20 in Polearms
 21723 | Lair:6   | Reached skill level 15 in Dodging
 22479 | Lair:6   | Noticed a dire elephant
 22495 | Lair:6   | Killed a dire elephant
 22536 | Lair:6   | Identified the Compendium of Mutagenic Confrontation
 22554 | Lair:6   | Learned a level 3 spell: Dazzling Spray
 22812 | D:11     | Noticed Fannar
 22828 | D:11     | Killed Fannar
 22828 | D:11     | Reached skill level 1 in Hexes
 23323 | D:11     | Reached skill level 1 in Conjurations
 23682 | D:12     | Noticed Snorg
 24053 | D:12     | Killed Snorg
 24490 | D:12     | Reached XP level 15. HP: 109/109 MP: 27/27
 24922 | D:13     | Reached skill level 5 in Hexes
 24961 | D:13     | Noticed Frances
 24975 | D:13     | Killed Frances
 25966 | D:14     | Found a gate to the Vaults.
 26443 | D:14     | Identified the +4 rapier of Sudden Death {flame, rPois MR+ Str+4} (You took it off an orc on level 14 of the Dungeon)
 26444 | D:14     | Upgraded the game from 0.22-a0-445-g8c8ef71062 to 0.22-a0-447-gee5f7238b3
 26722 | D:14     | Noticed neozumm's ghost (journeyman MiBe)
 26750 | D:14     | Killed neozumm's ghost
 27063 | D:15     | Entered Level 15 of the Dungeon
 27207 | D:15     | Shot with a bolt by a yaktaur

Vault maps used:
D:1:      ebering_hopf_link, corexii_hall_statues_deadend,
          roderic_serpentine_path
D:2:      old_standard_altar, minmay_misc_feat_iff
D:3:      first_ration
D:4:      kennysheep_mini, goddamned_bats
D:5:      minmay_temple_entry_mist, uniq_pikel
D:6:      lemuel_slime, kennysheep_little_box, kiku_gazebo_pond_becter,
          serial_park_tiny_1, dk_yredelemnul_ordeal, uniq_sigmund,
          uniq_prince_ribbit1
D:7:      chequers_temple_overflow_statue_of_worship, serial_shops,
          shop_fountains, kennysheep_mini_moat,
          nicolae_shop_temple_entry_statues_fountains,
          nicolae_shop_temple_entry_statues_fountains
D:8:      lemuel_crystal_altar, old_standard_altar, serial_shops,
          nicolae_shop_stone, blue_anna_alchemist,
          hangedman_abyss_or_decor_stabs
D:9:      erik_orc_1, basic_altar
D:10:     minmay_lair_entry_grove, dk_vineyard_3
D:11:     serial_bayou_ford_a, uniq_fannar
D:12:     uniq_snorg
D:13:     serial_glass, glass_columns_a, glass_columns_b, glass_columns_b,
          glass_columns_a, glass_columns_b, uniq_frances
D:14:     lightli_vaults_fourway_checkpoint, roderic_roman_lattice
D:15:     hangedman_depths_entry_try_elsewhere_first, enter_trove_3,
          nicolae_gozag_cash_rules_everything_around_me
Temple:   eino_temple_water
Lair:1:   lemuel_fruit_tree, serial_bayou_shore_b
Lair:3:   nicolae_spider_entry_tight_spaces, minmay_lair_oklob_chamber,
          grunt_megastairs_2
Lair:4:   minmay_shoals_entry_beasts, serial_bayou_shore_b, serial_bayou_shore_b
Lair:5:   minmay_slime_entry_oklob_enclosed, basic_altar,
          grunt_forest_large_clearings, infiniplex_staircase_pool_2
Lair:6:   grunt_lair_end_beastmaster, grunt_megastairs_4

Skill      XL: |  1  2  3  4  5  6  7  8  9 10 11 12 13 14 15 |
---------------+----------------------------------------------+-----
Dodging        | 3 4 5 7 8 10 11 12 13 14 15 | 15.2
Armour         | 1 2 4 |  4.4
Polearms       | 4 5 6 7 9 11 13 15 17 19 20 | 20.8
Fighting       | 3 4 5 6 7 9 10 11 12 13 | 13.3
Charms         | 4 5 6 8 9 |  9.1
Spellcasting   | 4 6 8 9 |  9.1
Evocations     | 1 |  1.9
Hexes          | 4 8 |  8.0
Conjurations   | 2 3 |  3.1

Action                   |  1- 3 |  4- 6 |  7- 9 | 10-12 | 13-15 || total
-------------------------+-------+-------+-------+-------+-------++-------
Melee: Spear             |   125 |   134 |    97 |     8 |    17 ||   381
       Trident           |       |    71 |   350 |     1 |       ||   422
       Glaive            |       |       |       |   171 |       ||   171
       Halberd           |       |       |       |   384 |   950 ||  1334
 Cast: Infusion          |     8 |    21 |    28 |    32 |     2 ||    91
       Spectral Weapon   |       |       |     1 |    23 |    74 ||    98
       Regeneration      |       |       |     1 |       |     8 ||     9
       Shroud of Golubri |       |       |     1 |       |     2 ||     3
       Swiftness         |       |       |       |     1 |       ||     1
Invok: Recall Ancestor   |       |       |     2 |     1 |     3 ||     6
       Ancestor Identity |       |       |     1 |       |       ||     1
       Ancestor Life: He |       |       |       |     1 |       ||     1
       Idealise          |       |       |       |       |     1 ||     1
Evoke: Wand              |       |       |       |    22 |    14 ||    36
  Use: Potion            |       |     1 |     8 |     1 |     6 ||    16
       Scroll            |       |       |     9 |     7 |     9 ||    25
 Stab: Distracted        |       |       |     2 |     8 |    17 ||    27
       Confused          |       |       |       |     4 |    11 ||    15
       Sleeping          |       |       |       |       |     2 ||     2
       Petrified         |       |       |       |       |     4 ||     4
       Paralysed         |       |       |       |       |    12 ||    12
       Invisible         |       |       |       |       |     6 ||     6
  Eat: Chunk             |     3 |     9 |    13 |    27 |    33 ||    85
       Ration            |       |       |     1 |     1 |     1 ||     3
Armor: Leather armour    |     3 |       |       |       |       ||     3
       Ring mail         |    17 |    42 |   133 |    70 |    68 ||   330
       Scale mail        |       |       |       |    17 |       ||    17
       Troll leather arm |       |       |       |       |    43 ||    43
Dodge: Dodged            |    64 |   107 |   358 |   358 |   537 ||  1424

Table legend:
 A = Spawn XP
 B = Non-spawn XP
 C = Spawn XP percentage of total XP
 D = Spawn monster count
 E = Non-spawn monster count
 F = Spawn count percentage of total count
 G = Total turns spent on level
                    A         B        C        D         E        F      G
               +---------+---------+-------+---------+---------+-------+---------
         Total |       0 |  123073 |   0.0 |       0 |     699 |   0.0 | 27207
               +---------+---------+-------+---------+---------+-------+---------
           D:1 |       0 |      50 |   0.0 |       0 |      25 |   0.0 |  1820
           D:2 |       0 |     228 |   0.0 |       0 |      26 |   0.0 |  1329
           D:3 |       0 |     421 |   0.0 |       0 |      27 |   0.0 |  1511
           D:4 |       0 |     975 |   0.0 |       0 |      27 |   0.0 |  1546
           D:5 |       0 |     583 |   0.0 |       0 |       7 |   0.0 |   912
           D:6 |       0 |    1640 |   0.0 |       0 |      46 |   0.0 |  1295
           D:7 |       0 |    1530 |   0.0 |       0 |      43 |   0.0 |  1192
           D:8 |       0 |    2335 |   0.0 |       0 |      31 |   0.0 |   965
           D:9 |       0 |    2602 |   0.0 |       0 |      35 |   0.0 |  1700
          D:10 |       0 |    5096 |   0.0 |       0 |      38 |   0.0 |  1259
          D:11 |       0 |    3043 |   0.0 |       0 |      19 |   0.0 |   847
          D:12 |       0 |   11272 |   0.0 |       0 |      42 |   0.0 |  1253
          D:13 |       0 |    7191 |   0.0 |       0 |      26 |   0.0 |   856
          D:14 |       0 |   21625 |   0.0 |       0 |      62 |   0.0 |  1377
          D:15 |       0 |    3914 |   0.0 |       0 |      11 |   0.0 |    84
        Lair:1 |       0 |    6492 |   0.0 |       0 |      21 |   0.0 |  1576
        Lair:2 |       0 |    6365 |   0.0 |       0 |      31 |   0.0 |  1600
        Lair:3 |       0 |   11255 |   0.0 |       0 |      44 |   0.0 |  1742
        Lair:4 |       0 |    4463 |   0.0 |       0 |      20 |   0.0 |  1038
        Lair:5 |       0 |    9009 |   0.0 |       0 |      50 |   0.0 |   962
        Lair:6 |       0 |   22984 |   0.0 |       0 |      68 |   0.0 |  1670
               +---------+---------+-------+---------+---------+-------+---------
